 Dungeon Crawl Stone Soup version 0.30-a0-782-ge64f9170bb (webtiles) character file.

Game seed: 7817433911286793116

44 Leeroy the Slasher (level 3, 0/27 HPs)
             Began as a Merfolk Gladiator on Feb 22, 2023.
             Slain by an iguana (3 damage)
             ... on level 2 of the Dungeon.
             The game lasted 00:01:14 (1142 turns).

Leeroy the Slasher (Merfolk Gladiator)              Turns: 1142, Time: 00:01:14

Health: 0/27       AC:  5    Str: 14    XL:     3   Next: 60%
Magic:  3/3        EV: 13    Int:  7    God:
Gold:   98         SH:  0    Dex: 17    Spells: 2/2 levels left

rFire   . . .      SeeInvis .    a - +0 long sword
rCold   . . .      Faith    .    (no shield)
rNeg    . . .      Spirit   .    b - +0 leather armour
rPois   .          Reflect  .    c - +0 helmet
rElec   .          Harm     .    h - +0 cloak
rCorr   .          Rampage  .    (no gloves)
Will    .....                    (no boots)
Stlth   +                        (no amulet)
HPRegen 0.24/turn                (no ring)
MPRegen 0.08/turn                (no ring)

@: no status effects
A: (nimble swimmer 2), mertail
a: no special abilities


You were on level 2 of the Dungeon.
You visited 1 branch of the dungeon, and saw 3 of its levels.

You collected 98 gold pieces.

Inventory:

Hand Weapons
 a - a +0 long sword (weapon)
Missiles
 d - 3 throwing nets (quivered)
 e - 7 javelins
 f - 3 boomerangs
Armour
 b - a +0 leather armour (worn)
 c - a +0 helmet (worn)
 h - a +0 cloak (worn)
Scrolls
 i - a scroll of immolation {unknown}
 l - a scroll of teleportation {unknown}
 m - a scroll of amnesia {unknown}
 o - a scroll of enchant weapon {unknown}
 p - 3 scrolls of identify {unknown}
 r - 2 scrolls of blinking {unknown}
Potions
 g - a potion of mutation {unknown}
 j - a potion of degeneration {unknown}
 k - a potion of ambrosia {unknown}
 n - a potion of might {unknown}
 q - 2 potions of curing {unknown}


   Skills:
 - Level 2.1 Fighting
 + Level 5.4 Long Blades
 - Level 2.0 Throwing
 - Level 4.0 Dodging


You had 2 spell levels left.
You didn't know any spells.
Your spell library contained the following spells:

 Spells                   Type           Power      Damage    Failure   Level
 Foxfire                  Conj/Fire      0%         2x1d4     52%         1
 Lesser Beckoning         Tloc           0%         N/A       65%         2
 Gell's Gravitas          Tloc           0%         N/A       87%         3
 Ozocubu's Armour         Ice            0%         N/A       87%         3
 Teleport Other           Tloc           0%         N/A       87%         3
 Fireball                 Conj/Fire      0%         3d3       100%        5
 Starburst                Conj/Fire      0%         6d3       100%        6
 Ozocubu's Refrigeration  Ice            0%         4d7       100%        7


Dungeon Overview and Level Annotations

Branches:
Dungeon (3/15)

Altars:

Shops:
D:1 :


Innate Abilities, Weirdness & Mutations

((You are very nimble when in or above water. (Stealth+, EV+, Speed+++)))
Your lower body shifts to a powerful aquatic tail in water.


Message History

No target in view!
No target in view!
Done exploring.
Done exploring.
No target in view!
There is a stone staircase leading down here.
You climb downwards.
The iguana hisses angrily.
The hobgoblin shouts!
Found a scroll labelled JUSIOGOOR.
Found a stone staircase leading up.
There is a stone staircase leading up here.
There are monsters nearby!
There are monsters nearby!
You hit the iguana but do no damage. The iguana closely misses you.
The iguana bites you!
You climb upwards.
There is a stone staircase leading down here.
You barely miss the iguana. The iguana bites you!
You are too injured to fight recklessly!
You are too injured to fight recklessly!
You are too injured to fight recklessly!
You are too injured to fight recklessly!
You hit the iguana but do no damage. The iguana barely misses you.
You hit the iguana.
The iguana is lightly wounded.
The iguana closely misses you.
You slash the iguana!
The iguana is heavily wounded.
The iguana barely misses you.
You closely miss the iguana. You punch the iguana, but do no damage.
The iguana is heavily wounded.
The iguana bites you!
* * * LOW HITPOINT WARNING * * *
You closely miss the iguana.
The iguana is heavily wounded.
The iguana bites you.
* * * LOW HITPOINT WARNING * * *
You hit the iguana but do no damage.
The iguana is heavily wounded.
The iguana bites you.
You die...

####(.......................#
####..........................#
.#............................#
.#..###.............####......#
....###....#.....##### #......#
.....................# #......#
..........(##........# ########
..#........##........#
†..........#....@....#
...#.##....#.##l######
.....#####...##.# ...###
##..###.# ...######.<.###.#
..........#..##.#####
..##########........# ###
#........# #........#


You could see an iguana.

Vanquished Creatures
  An adder (D:2)
  A worm (D:2)
  A dart slug (D:1)
  4 endoplasms
  A giant cockroach (D:2)
  5 goblins
  2 hobgoblins
  2 kobolds (D:1)
  6 ball pythons
  A bat (D:1)
  A frilled lizard (D:1)
  4 rats
29 creatures vanquished.

Notes
Turn   | Place    | Note
-------+----------+-------------------------------------------
     0 | D:1      | Leeroy the Merfolk Gladiator began the quest for the Orb.
     0 | D:1      | Reached XP level 1. HP: 16/16 MP: 1/1
    17 | D:1      | Found Udafuloh's Book Shop.
   193 | D:1      | Reached skill level 4 in Long Blades
   210 | D:1      | Reached XP level 2. HP: 22/22 MP: 2/2
   763 | D:2      | Reached skill level 5 in Long Blades
   763 | D:2      | Reached XP level 3. HP: 19/27 MP: 3/3
  1142 | D:2      | Slain by an iguana

Illustrated notes

Levels and vault maps discovered:
D:1:      saegor_arrival_simple_d, layout_loops_ring, serial_shops,
          nicolae_shop_temple_entry_statues_fountains, kennysheep_minor_cross,
          minmay_pentomino_s2
D:2:      layout_rooms
D:3:      layout_rooms

Skill      XL: |  1  2 |
---------------+-------+-----
Long Blades    | 4 5 |  5.4
Fighting       | |  2.1
Throwing       | |  2.0
Dodging        | |  4.0

Action                     || total
---------------------------++-------
  Melee: Long sword        ||    64
         Punch             ||     1
   Stab: Sleeping          ||     2
 Armour: Leather armour    ||    15
  Dodge: Dodged            ||    41

Table legend: (Time is in decaauts)
 A = Elapsed time spent in this place.
 B = Non-inter-level travel time spent in this place.
 C = Inter-level travel time spent in this place.
 D = Time resting spent in this place.
 E = Time spent auto-exploring this place.
 F = Levels seen in this place.
 G = Mean time per level.
                   A        B        C        D        E       F      G
               +--------+--------+--------+--------+--------+-----+--------+
         Total |   1151 |   1092 |     59 |      0 |    872 |   3 |  383.7 |
       Dungeon |   1151 |   1092 |     59 |      0 |    872 |   3 |  383.7 |
               +--------+--------+--------+--------+--------+-----+--------+

Top non-repeatable levels by time:
     D:1: 726 daAuts
     D:2: 422 daAuts
     D:3: 2 daAuts
